 Dungeon Crawl Stone Soup version 0.31-a0-1591-g515db51633 (webtiles) character file.

Game seed: 8280369092108598455

9 Laraso the Magician (level 2, -4/15 HPs)
             Began as a Deep Elf Air Elementalist on Jan 7, 2024.
             Engulfed by a cloud of poison gas (7 damage)
             ... on level 1 of the Dungeon.
             The game lasted 00:02:28 (1269 turns).

Laraso the Magician (Deep Elf Air Elementalist)     Turns: 1269, Time: 00:02:29

Health: -4/15      AC:  2    Str:  3 (5)  XL:     2   Next: 3%
Magic:  9/9        EV: 12    Int: 18 (19) God:
Gold:   12         SH:  0    Dex: 13 (15) Spells: 8/9 levels left

rFire   . . .        g - +0 short sword
rCold   . . .        (no shield)
rNeg    . . .        a - +0 robe
rPois   .            e - +0 hat
rElec   .            (no cloak)
rCorr   .            (no gloves)
SInv    .            (no boots)
Will    .....        (no amulet)
Stlth   ++           (no ring)
HPRegen 0.22/turn    (no ring)
MPRegen 0.11/turn

%: no passive effects
@: lethally poisoned (-4 -> -21)
A: no striking features
a: no special abilities


You were on level 1 of the Dungeon.
You visited 1 branch of the dungeon, and saw 2 of its levels.

You collected 12 gold pieces.

Inventory:

Hand Weapons
 g - a +0 short sword (weapon)
Missiles
 f - 9 poisoned darts
Armour
 a - a +0 robe (worn)
 e - a +0 hat (worn)
Jewellery
 c - a ring of flight
Scrolls
 i - a scroll of revelation
Potions
 b - a potion of magic
 h - a potion of degeneration


   Skills:
 - Level 2.4 Dodging
 - Level 2.4 Stealth
 - Level 4.0 Spellcasting
 * Level 1.1 Conjurations
 - Level 3.0 Air Magic


You had 8 spell levels left.
You knew the following spells:

 Your Spells              Type           Power      Damage    Failure   Level
a - Shock                 Conj/Air       44%        1d5       6%          1

Your spell library contained the following spells:

 Spells                   Type           Power      Damage    Failure   Level
 Static Discharge         Conj/Air       22%        3-4/arc   10%         2
 Swiftness                Air            14%        N/A       13%         3
 Airstrike                Air            7%         2d(1-17)  38%         4


Dungeon Overview and Level Annotations

Branches:
Dungeon (2/15)

Altars:


Message History

The goblin closely misses you.
You hit the adder.
The adder is moderately wounded.
You feel sick. The adder barely misses you.
The giant cockroach bites you but does no damage.
The goblin hits you with a +0 club.
You feel sick. The adder barely misses you.
The giant cockroach bites you but does no damage.
The adder closely misses you.
You feel sick. The giant cockroach misses you. The giant cockroach bites you.
You barely miss the adder.
The adder is moderately wounded.
You feel sick. The adder bites you. The goblin hits you with a +0 club.
The giant cockroach bites you.
Unknown command.
You feel less invigorated.
You feel less confused.
You feel sick. The adder bites you.
You are more poisoned.
The adder poisons you!
The giant cockroach bites you but does no damage.
The adder bites you.
As you read the scroll labelled ROMPECSOSK, it crumbles to dust.
It is a scroll of identify.
i - a scroll of revelation You feel sick.
The giant cockroach closely misses you. The goblin barely misses you.
The adder bites you.
The air fills with toxic fumes!
As you read the scroll labelled CONITWEITE, it crumbles to dust.
It was a scroll of poison.
You feel sick. The giant cockroach misses you. The adder bites you.
* * * LOW HITPOINT WARNING * * *
The goblin barely misses you.
Unknown command.
Blink to where?
Press: ? - help, Dir - move target
As you read the scroll labelled FEQIOK OGEAVI, it crumbles to dust.
It was a scroll of blinking.
You are engulfed in poison gas.
You are more poisoned.
You die...

#.....# ########### ....###
#....#....# ####### #....#....#
......# #§§§§#.§§.# ......#
#§§§§#§§§.#
......###§§§§#§§§.#########
......#§§§§§§§§§§.........######
'##'###§§§§§§§§§§.....###......#
.##.#
#§§§§§§§§§@.....#.~.####.##
.##.#
#§§§§§§§§§§......~8~..##..#
.##.#
#§g§§§§§§§§....~..~..~.##.#
..#.#
#§SB§§§§§§§...~8~...~8~....
###.#
#§§§§§§§§§§.~..~..~..~..~.. #.#
#§§§§§§§§§§~8~...~8~...~8~. #.#
#§§§§§§§§§§.~..~..~..~..~.. #.#
#§§§§§§§§§§...~8~...~8~.... #.#
#§§§§§§§§§§.~..~..~..~..~..


You could see a giant cockroach.

Vanquished Creatures
  A giant cockroach (D:1)
  A hobgoblin (D:1)
  A quokka (D:1)
  2 ball pythons (D:1)
  2 kobolds (D:1)
  A rat (D:1)
8 creatures vanquished.

Notes
Turn   | Place    | Note
-------+----------+-------------------------------------------
     0 | D:1      | Laraso the Deep Elf Air Elementalist began the quest for
                  | the Orb.
     0 | D:1      | Reached XP level 1. HP: 10/10 MP: 6/6
   394 | D:1      | Found a faded altar of an unknown god.
   889 | D:1      | Reached skill level 4 in Spellcasting
   889 | D:1      | Reached XP level 2. HP: 15/15 MP: 6/9
  1269 | D:1      | Engulfed by a cloud of poison gas

Illustrated notes

Levels and vault maps discovered:
D:1:      dpeg_arrival_windows_large_door, layout_basic, basic_ecumenical_altar,
          kennysheep_doodads
D:2:      layout_rooms, basic_altar

Skill      XL: |  1 |
---------------+----+-----
Spellcasting   | 4 |  4.0
Dodging        | |  2.4
Stealth        | |  2.4
Conjurations   | |  1.1
Air Magic      | |  3.0

Action                     || total
---------------------------++-------
  Melee: Short sword       ||     3
   Cast: Shock             ||    17
    Use: Scroll            ||     3
         Potion            ||     2
 Armour: Robe              ||    29
  Dodge: Dodged            ||    29

Table legend: (Time is in decaauts)
 A = Elapsed time spent in this place.
 B = Non-inter-level travel time spent in this place.
 C = Inter-level travel time spent in this place.
 D = Time resting spent in this place.
 E = Time spent auto-exploring this place.
 F = Levels seen in this place.
 G = Mean time per level.
                   A        B        C        D        E       F      G
               +--------+--------+--------+--------+--------+-----+--------+
         Total |   1271 |   1137 |    134 |    270 |    743 |   2 |  635.5 |
       Dungeon |   1271 |   1137 |    134 |    270 |    743 |   2 |  635.5 |
               +--------+--------+--------+--------+--------+-----+--------+

Top non-repeatable levels by time:
     D:1: 1267 daAuts
     D:2: 4 daAuts
